 Dungeon Crawl Stone Soup version 0.30-a0-377-g5cb311bc9f (webtiles) character file.

Game seed: 18095406171918171428

669 oldriver the Magician (level 7, -4/56 HPs)
             Began as a Mummy Necromancer on Nov 27, 2022.
             Was an Initiate of Hepliaklqana.
             Slain by a killer bee (8 damage)
             ... on level 4 of the Dungeon.
             The game lasted 00:05:12 (4390 turns).

oldriver the Magician (Mummy Necromancer)           Turns: 4390, Time: 00:05:13

Health: -4/56      AC: 12    Str: 11    XL:     7   Next: 32%
Magic:  1/17       EV: 12    Int: 17    God:    Hepliaklqana [......]
Gold:   158        SH:  0    Dex: 12    Spells: 11/19 levels left

rFire   . . .      SeeInvis .    k - +1 dagger (protect)
rCold   . . .      Faith    +    (no shield)
rNeg    + + +      Spirit   .    a - +0 robe
rPois   ∞          Reflect  .    (no helmet)
rElec   .          Harm     .    (no cloak)
rCorr   .          Rampage  .    (no gloves)
Will    .....                    f - +2 pair of boots
Stlth   ++........               (no amulet)
HPRegen 0.29/turn                b - ring of fire
MPRegen 0.15/turn                h - ring of flight

@: under a protective aura, flying
A: cold resistance 1, negative energy resistance 3, torment resistance 2, heat
vulnerability 1, in touch with death 1, no potions, faith
a: Renounce Religion


You were on level 4 of the Dungeon.
You worshipped Hepliaklqana.
Hepliaklqana was noncommittal.
You visited 2 branches of the dungeon, and saw 5 of its levels.

You collected 182 gold pieces.
You spent 24 gold pieces at shops.

Inventory:

Hand Weapons
 k - a +1 dagger of protection (weapon)
Armour
 a - a +0 robe (worn)
 f - a +2 pair of boots (worn)
Jewellery
 b - a ring of fire (left hand)
 h - a ring of flight (right hand)
Wands
 d - a wand of digging (5)
 j - a wand of mindburst (21)
Scrolls
 c - 3 scrolls of enchant armour
 e - 2 scrolls of teleportation
 g - a scroll of identify
 i - a scroll of immolation
 l - a scroll of blinking


   Skills:
 + Level 5.1 Fighting
 - Level 1.5 Dodging
 - Level 1.5 Stealth
 + Level 6.8 Spellcasting
 - Level 5.0 Necromancy


You had 11 spell levels left.
You knew the following spells:

 Your Spells              Type           Power      Damage    Failure   Level
a - Necrotise             Necr           100%       1d9       1%          1
b - Vampiric Draining     Necr           34%        2d8       4%          3
c - Animate Dead          Necr           34%        N/A       16%         4

Your spell library contained the following spells:

 Spells                   Type           Power      Damage    Failure   Level
 Agony                    Necr           34%        N/A       38%         5


Dungeon Overview and Level Annotations

Branches:
Dungeon (4/15)             Temple (1/1) D:4

Altars:
Ashenzari
Cheibriados
Dithmenos
Fedhas
Gozag
Hepliaklqana
Kikubaaqudgha
Okawaru
Ru
Sif Muna
Trog
Uskayaw
Vehumet
Wu Jian
Xom
Yredelemnul

Shops:
D:1 *

Annotations:
Temple 2 transporters


Innate Abilities, Weirdness & Mutations

You are immune to poison.
Your flesh is cold resistant. (rC+)
You are immune to negative energy. (rN+++)
You are immune to unholy pain and torment.
You are vulnerable to heat. (rF-)
You are in touch with the powers of death.
You do not drink.
You have a special connection with the divine. (Faith)


Message History

Aim: a killer bee (moderately wounded, chance to affect: 88%)
You feel a surge of power!
The killer bee barely resists.
The killer bee stings you.
* * * LOW HITPOINT WARNING * * *
The killer bee stings you.
* * * LOW HITPOINT WARNING * * *
Casting: Necrotise (safe; 1% risk of failure)
Confirm with . or Enter, or press ? or * to list all spells.
Aiming: Necrotise (safe; 1% risk of failure)
Press: ? - help, Shift-Dir - straight line, f/p - killer bee
Aim: a killer bee (moderately wounded, chance to affect: 88%)
You feel a surge of power!
The killer bee writhes in agony!
The killer bee stings you.
* * * LOW HITPOINT WARNING * * *
The killer bee barely misses you.
Casting: Necrotise (safe; 1% risk of failure)
Confirm with . or Enter, or press ? or * to list all spells.
You don't have enough magic to cast this spell.
Unknown command.
Casting: Necrotise (safe; 1% risk of failure)
Confirm with . or Enter, or press ? or * to list all spells.
Aiming: Necrotise (safe; 1% risk of failure)
Press: ? - help, Shift-Dir - straight line, f/p - killer bee
Aim: a killer bee (severely wounded, chance to affect: 88%)
You feel a surge of power!
The killer bee writhes in agony.
You kill the killer bee!
The killer bee closely misses you.
Your Fighting skill increases to level 5!
You hit the killer bee.
Your weapon exudes an aura of protection.
The killer bee is lightly wounded.
The killer bee barely misses you. x2
Casting: Necrotise (safe; 1% risk of failure)
Confirm with . or Enter, or press ? or * to list all spells.
You don't have enough magic to cast this spell.
Unknown command.
You hit the killer bee but do no damage.
The killer bee is lightly wounded.
The killer bee stings you!
You die...

####..#...##..#.#....###
###.### ##...... ...
##...# ### #
#####..####. .###...##
......## ## # #...#
.####.### #..##
........# ##..#
#.......#### #..##
#..........# #..#
..#........# #@##
..#........# #y#
...........## #.##
#...........###.
#....##......#..
.#.............#
..##..†##......
....##..........
..#...##........


You could see a killer bee.

Vanquished Creatures
  5 killer bees (D:4)
  2 hounds
  3 orc priests
  An iguana (D:4)
  5 orc wizards
  3 gnolls (D:4)
  2 adders
  An ufetubus (D:4)
  2 worms
  3 dart slugs
  7 orcs
  5 endoplasms
  4 giant cockroaches
  8 goblins
  5 hobgoblins
  3 jackals (D:4)
  2 quokkas
  12 ball pythons
  4 bats
  4 frilled lizards (D:1)
  4 kobolds
  8 rats
93 creatures vanquished.

Vanquished Creatures (collateral kills)
  A dart slug (D:4)
  A jackal (D:4)
2 creatures vanquished.

Vanquished Creatures (others)
  11 plants (D:4)
11 creatures vanquished.

Grand Total: 106 creatures vanquished

Notes
Turn   | Place    | Note
-------+----------+-------------------------------------------
     0 | D:1      | oldriver the Mummy Necromancer began the quest for the Orb.
     0 | D:1      | Reached XP level 1. HP: 13/13 MP: 4/4
   114 | D:1      | Found Fimneum's Assorted Antiques.
   193 | D:1      | Bought a scroll labelled MEWNURPH APTINN for 24 gold pieces
   324 | D:1      | Reached skill level 3 in Spellcasting
   324 | D:1      | Reached XP level 2. HP: 11/20 MP: 1/6
   464 | D:1      | Reached skill level 1 in Fighting
  1110 | D:2      | Gained mutation: You are in touch with the powers of death.
                  | [Mummy growth]
  1110 | D:2      | Reached XP level 3. HP: 26/26 MP: 3/7
  1197 | D:2      | Found a faded altar of an unknown god.
  1223 | D:2      | Found an ornate altar of the Wu Jian Council.
  2387 | D:3      | Reached skill level 4 in Spellcasting
  2387 | D:3      | Reached XP level 4. HP: 25/33 MP: 2/10
  2517 | D:3      | Reached XP level 5. HP: 38/39 MP: 6/11
  2841 | D:3      | Reached skill level 5 in Necromancy
  3204 | D:4      | Reached skill level 5 in Spellcasting
  3304 | D:3      | Reached XP level 6. HP: 29/47 MP: 10/13
  3730 | D:4      | Found a staircase to the Ecumenical Temple.
  3740 | Temple   | Entered the Ecumenical Temple
  3740 | Temple   | Found a transporter.
  3740 | Temple   | Found a transporter.
  3745 | Temple   | Found a transporter.
  3745 | Temple   | Found a transporter.
  3767 | Temple   | Became a worshipper of Hepliaklqana the Forgotten
  3882 | D:4      | Learned a level 3 spell: Vampiric Draining
  3887 | D:4      | Learned a level 4 spell: Animate Dead
  4086 | D:4      | Reached skill level 6 in Spellcasting
  4371 | D:4      | Reached XP level 7. HP: 53/55 MP: 9/16
  4389 | D:4      | Reached skill level 5 in Fighting
  4390 | D:4      | Slain by a killer bee

Illustrated notes

Levels and vault maps discovered:
D:1:      dpeg_arrival_concentric_ovals, layout_loops_ring, serial_shops,
          nicolae_shop_advertising_works [nicolae_subvault_shop_adworks]
D:2:      layout_loops_ring, basic_altar, ebering_ecumenical_altar_petrified
D:3:      cheibrodos_pilgrimage, layout_rooms
D:4:      layout_cave_pods, minmay_temple_entry_mini_moons, st_stairs_10,
          serial_bayou_ford_a, hangedman_decor_peaks_small
Temple:   hellmonk_temple_divided_pantheon

Skill      XL: |  1  2  3  4  5  6  7 |
---------------+----------------------+-----
Spellcasting   | 3 4 5 6 |  6.8
Fighting       | 1 2 3 4 5 |  5.1
Necromancy     | 5 |  5.0
Dodging        | |  1.5
Stealth        | |  1.5

Action                   |  1- 3 |  4- 6 |  7- 9 || total
-------------------------+-------+-------+-------++-------
Melee: Dagger            |     3 |    15 |     9 ||    27
 Cast: Necrotise         |    95 |   116 |    11 ||   222
  Use: Scroll            |       |     5 |       ||     5
Armor: Robe              |     4 |    16 |     8 ||    28
Dodge: Dodged            |    18 |    46 |    14 ||    78

Table legend: (Time is in decaauts)
 A = Elapsed time spent in this place.
 B = Non-inter-level travel time spent in this place.
 C = Inter-level travel time spent in this place.
 D = Time resting spent in this place.
 E = Time spent auto-exploring this place.
 F = Levels seen in this place.
 G = Mean time per level.
                   A        B        C        D        E       F      G
               +--------+--------+--------+--------+--------+-----+--------+
         Total |   4395 |   4283 |    112 |    598 |   2981 |   5 |  879.0 |
       Dungeon |   4351 |   4247 |    104 |    598 |   2972 |   4 | 1087.8 |
        Temple |     43 |     35 |      8 |      0 |      9 |   1 |   43.0 |
               +--------+--------+--------+--------+--------+-----+--------+

Top non-repeatable levels by time:
     D:3: 1155 daAuts
     D:1: 1106 daAuts
     D:2: 1095 daAuts
     D:4: 994 daAuts
  Temple: 43 daAuts
